Description

This is a build that I created with my friend against protoss. As it is so new, for now, it is working surprisingly well. You send 16 lings to your opponent's main and around 10 to his/her natural. Can also be used against terran but I do not recommend it as it has helions at the time you hit. Enjoy playing this shit!

Build Order

Get SALT Encoding   

  12  0:01  Action Send your overlord across the map close to the enemy's main  
  13  0:13  Overlord add it to the control group with the first one  
  14  0:20  Extractor 3 drones minening as fast as possible  
  14  0:25  Action Send your second overlord to his friend  
  16  0:45  Spawning Pool  
  17  1:45  Hatchery if there's a blobk you can build it in main, doesn't matter  
  18  1:53  Action Start spamming zergling  
  19  1:37  Metabolic Boost  
  20  2:10  Lair  
  20  2:20  Overlord  
  26  3:00  Action Transform these overlord near enemy's base to transporters  
  26  3:02  Action Send your lings to your transporters  
  31  3:30  Action get your lings inside overlords and deploy them into the main  
  36  3:40  Action send rest of your lings to the natural  
  36  4:00  Action you won :)  
Spawning Tool Build Advisor. Get it on Overwolf

Analysis

If toss built at least four adepts give up. If he played fast stargete, give up, if you didn't kill at least a main, give up (it's basically all-in)

Go to:

Details

  • Created by: mlekolaj
  • Published on: Sep 29, 2021
  • Modified on: Oct 24, 2021
  • Patch: 4.11.0
  • Difficulty: Medium
Show
View Real Time Build Order
Export as new Build Order

Comments (0)

There are no comments. Be the first!

Create an account to comment!